 Dungeon Crawl Stone Soup version 0.28.0-43-g3370ac3207 (webtiles) character file.

Game seed: 1991366210334991740

366 Peloso the Slasher (level 6, -1/55 HPs)
             Began as a Minotaur Fighter on Mar 27, 2022.
             Killed by divine providence
             ... invoked by an orc priest
              (13 damage)
             ... on level 5 of the Dungeon.
             The game lasted 00:04:32 (4502 turns).

Peloso the Slasher (Minotaur Fighter)               Turns: 4502, Time: 00:04:33

Health: -1/55      AC:  9    Str: 21    XL:     6   Next: 40%
Magic:  5/5        EV:  7    Int:  5    God:
Gold:   117        SH:  5    Dex: 11    Spells: 5/5 levels left

rFire   . . .      SeeInvis .   a - +0 long sword
rCold   . . .      Faith    .   c - +0 buckler
rNeg    . . .      Spirit   .   f - +0 chain mail
rPois   .          Reflect  .   (helmet restricted)
rElec   .          Harm     .   (no cloak)
rCorr   .          Rampage  .   (no gloves)
Will    .....                   (no boots)
Stlth   ..........              (no amulet)
HPRegen 0.18/turn               (no ring)
MPRegen 0.09/turn               (no ring)

@: no status effects
A: horns 2, retaliatory headbutt
a: no special abilities


You were on level 5 of the Dungeon.
You visited 2 branches of the dungeon, and saw 6 of its levels.

You collected 117 gold pieces.

Inventory:

Hand Weapons
 a - a +0 long sword (weapon)
Armour
 b - a +0 scale mail
 c - a +0 buckler (worn)
 f - a +0 chain mail (worn)
Jewellery
 h - a ring of willpower
Wands
 k - a wand of flame (30)
Scrolls
 e - 2 scrolls of fog
 m - a scroll of vulnerability {unknown}
 n - a scroll of immolation {unknown}
 o - a scroll of identify {unknown}
Potions
 d - a potion of might
 g - a potion of haste {unknown}
 i - a potion of attraction {unknown}
 j - 2 potions of curing {unknown}
 l - a potion of mutation {unknown}
 p - 2 potions of heal wounds {unknown}
 q - a potion of magic {unknown}


   Skills:
 + Level 4.9 Fighting
 + Level 5.6 Long Blades
 + Level 5.2 Armour
 + Level 0.8 Dodging
 + Level 0.3 Stealth
 + Level 4.6 Shields


You had 5 spell levels left.
You didn't know any spells.
Your spell library contained the following spells:

 Spells                   Type           Power      Damage    Failure   Level
 Animate Skeleton         Necr           0%         N/A       99%         1
 Pain                     Necr           0%         1d4       99%         1
 Corpse Rot               Necr/Air       0%         N/A       100%        2
 Vampiric Draining        Necr           0%         2d6       100%        3
 Dispel Undead            Necr           0%         3d6       100%        4
 Death Channel            Necr           0%         N/A       100%        6


Dungeon Overview and Level Annotations

Branches:
Dungeon (5/15)             Temple (1/1) D:4

Altars:
Ashenzari
Cheibriados
Dithmenos
Fedhas
Gozag
Hepliaklqana
Kikubaaqudgha
Makhleb
Nemelex Xobeh
Qazlal
Trog
Uskayaw
Vehumet
Wu Jian
Xom
Yredelemnul
The Shining One

Shops:
D:2 (


Innate Abilities, Weirdness & Mutations

You have a pair of horns on your head.
You reflexively headbutt those who attack you in melee.


Message History

The orc is heavily wounded.
The orc hits you but does no damage.
The orc priest calls down the wrath of Beogh upon you.
Beogh smites you!
Unknown command.
You hit the orc but do no damage. Your headbutt misses the orc.
The orc is heavily wounded.
The orc priest begins to cast a cantrip, but forgets the words!
The orc hits you but does no damage.
Unknown command.
You barely miss the orc.
The orc is heavily wounded.
The orc priest invokes the aid of Beogh against you.
You barely resist. You block the orc's attack.
The orc hits you with a +0 dagger.
The orc priest mumbles some strange prayers to Beogh against you.
Beogh smites you!
You hit the orc. Your headbutt misses the orc.
The orc is severely wounded.
The orc hits you with a +0 dagger. The orc hits you but does no damage.
Unknown command.
You hit the orc.
You kill the orc!
The orc hits you but does no damage. The orc priest closely misses you.
You furiously retaliate!
You headbutt the orc priest.
Unknown command.
You closely miss the orc priest.
You headbutt the orc priest, but do no damage.
The orc priest is moderately wounded.
You block the orc's attack.
The orc priest calls down the wrath of Beogh upon you.
Beogh smites you!
* * * LOW HITPOINT WARNING * * *
The orc hits you with a +0 dagger.
* * * LOW HITPOINT WARNING * * *
You hit the orc.
The orc is almost dead.
The orc priest mumbles some strange prayers to Beogh against you.
Beogh smites you!
You die...

.. #...# ...#
..##...##...#
............#
..........#
#........#
##<.......#
#.$.......#
+...o.....#
#..)@o....#
##...##...#
#...##...#
......#...#
.......#...#
.........#...#
.........#...#
.........#...#
#...#


You could see an orc priest and an orc.

Vanquished Creatures
  A kobold brigand (D:4)
  A scorpion (D:4)
  A wyvern skeleton (D:4)
  Ijyb (D:4)
  6 gnolls
  4 adders
  An adder skeleton (D:4)
  2 worms (D:2)
  A dart slug (D:1)
  5 orcs
  6 endoplasms
  A giant cockroach (D:2)
  8 goblins
  3 hobgoblins
  4 jackals (D:4)
  3 kobolds
  2 quokkas
  4 ball pythons
  4 bats
  3 frilled lizards
  4 rats
65 creatures vanquished.

Vanquished Creatures (others)
  53 fungi (D:3)
53 creatures vanquished.

Grand Total: 118 creatures vanquished

Notes
Turn   | Place    | Note
-------+----------+-------------------------------------------
     0 | D:1      | Peloso the Minotaur Fighter began the quest for the Orb.
     0 | D:1      | Reached XP level 1. HP: 19/19 MP: 0/0
   128 | D:1      | Reached XP level 2. HP: 11/27 MP: 1/1
   525 | D:1      | Found Leilots's Distillery.
  1217 | D:2      | Reached XP level 3. HP: 33/34 MP: 2/2
  1228 | D:2      | Found Bucrefav's Antique Weapon Boutique.
  1930 | D:3      | Identified the +2 robe of Mysticism {Harm +Inv}
  2167 | D:3      | Found an ornate altar of the Wu Jian Council.
  2209 | D:3      | Reached XP level 4. HP: 38/41 MP: 3/3
  2527 | D:3      | Found a hide-covered altar of Uskayaw.
  2845 | D:3      | Found a bloodstained altar of Trog.
  2974 | D:4      | Reached XP level 5. HP: 22/47 MP: 4/4
  3196 | D:4      | Found a staircase to the Ecumenical Temple.
  3222 | Temple   | Entered the Ecumenical Temple
  3376 | D:4      | Reached skill level 5 in Long Blades
  3376 | D:4      | Reached skill level 5 in Armour
  3376 | D:4      | Reached XP level 6. HP: 13/55 MP: 5/5
  4092 | D:4      | Noticed Ijyb
  4095 | D:4      | Paralysed by Ijyb for 7 turns
  4107 | D:4      | Paralysed by Ijyb for 4 turns
  4112 | D:4      | Paralysed by Ijyb for 4 turns
  4130 | D:4      | Killed Ijyb
  4470 | D:5      | Entered Level 5 of the Dungeon
  4502 | D:5      | Killed from afar by an orc priest

Illustrated notes

Levels and vault maps discovered:
D:1:      dpeg_arrival_three_smaller_balls, layout_basic, serial_shops,
          nicolae_shop_crystal
D:2:      layout_loops_ring, serial_shops, nicolae_shop_behind_doors
D:3:      layout_loops_corners, mainiacjoe_overflow_six_doors_small,
          mainiacjoe_overflow_catch_the_wave, minmay_misc_feat_five
D:4:      layout_gridville, minmay_temple_entry_junction, grunt_ministairs_7,
          uniq_ijyb
D:5:      layout_gridville, zin_purify, lemuel_blue_sif_altar,
          mainiacjoe_overflow_tiny_flanked, kennysheep_big_empty_room,
          serial_bayou_pond_d, minmay_manual_monolith
Temple:   eino_temple_lava

Skill      XL: |  1  2  3  4  5 |
---------------+----------------+-----
Fighting       | 4 |  4.9
Shields        | 4 |  4.6
Armour         | 4 5 |  5.2
Long Blades    | 3 4 5 |  5.6
Dodging        | |  0.8
Stealth        | |  0.3

Action                   |  1- 3 |  4- 6 || total
-------------------------+-------+-------++-------
Melee: Long sword        |   108 |    96 ||   204
       Headbutt          |    12 |    19 ||    31
Evoke: Wand              |       |     1 ||     1
  Use: Scroll            |       |     4 ||     4
Armor: Scale mail        |    16 |       ||    16
       Chain mail        |    51 |    43 ||    94
Dodge: Dodged            |    33 |    31 ||    64
Block: Buckler           |    24 |    24 ||    48
